AoeStats
← Marbas

Nomad

508514817Analyzed
4v4 RM · 9d ago on Sep 22, 2026· 55m 19s· 8 players
Game mode
Random Map
Map size
231×231
Population
200
Speed
Normal
Resources
Standard
Victory
Conquest
Starting age
Dark Age
Ending age
Imperial Age
RankedLock teamsTeams togetherTeam positionsShared explorationLock speedFull tech treeHidden civsTurbo modeCheats
Victory
Defeat
🇧🇾 Britons · Belarus
1690
+12
🇷🇺 Burmese · Russia
1682
+12
🇷🇺 Maya · Russia
1637
+14
🇧🇾 Inca · Belarus
1583
+17
🇩🇪 Japanese · Germany
1628
-15
🇩🇪 Goths · Germany
1605
-14
🇩🇪 Koreans · Germany
1578
-13
🇧🇦 Italians · Bosnia & Herzegovina
1570
-13
Willox
5:44 Loom
13:27 Feudal Age
14:17 Gold Mining
16:53 Castle Age
15:15 Double-Bit Axe
17:48 Medium Warships
17:52 Bow Saw
21:22 Gold Shaft Mining
21:49 Horse Collar
26:26 Heavy Plow
30:47 Imperial Age
29:03 Wheelbarrow
28:13 Town Watch
28:39 Scale Mail Armor
28:50 Forging
28:51 Fletching
30:14 Chain Mail Armor
30:58 Bodkin Arrow
31:22 Squires
32:19 Plate Mail Armor
32:54 Iron Casting
34:21 Conscription
34:23 Kataparuto
34:59 Elite Skirmisher
37:05 Heavy Warships
37:46 Bracer
38:47 Blast Furnace
37:21 Elite Samurai
38:54 Hoardings
39:30 Hand Cart
43:25 Padded Archer Armor
53:39 Two-Man Saw
Captain Bananatoast
5:43 Loom
13:32 Feudal Age
14:58 Double-Bit Axe
16:13 Horse Collar
18:17 Town Watch
20:07 Wheelbarrow
25:43 Castle Age
27:53 Heavy Plow
28:04 Bow Saw
39:11 Gold Mining
39:12 Stone Mining
42:34 Husbandry
42:45 Bloodlines
43:28 Hand Cart
45:51 Imperial Age
43:29 Fletching
43:45 Scale Barding Armor
43:50 Forging
44:51 Forging
46:09 Chain Barding Armor
46:36 Iron Casting
46:02 Cavalier
48:53 Squires
49:56 Blast Furnace
48:58 Scale Mail Armor
50:25 Crop Rotation
50:19 Chain Mail Armor
49:58 Pikeman
52:00 Conscription
51:45 Anarchy
51:08 Elite Huskarl
53:21 Two-Man Saw
52:33 Perfusion
55:06 Man-at-Arms
Lharien
10:37 Loom
13:13 Feudal Age
14:07 Town Watch
17:44 Castle Age
16:43 Double-Bit Axe
19:04 Fletching
21:37 Bodkin Arrow
37:58 Eupseong
Igo
10:35 Loom
13:10 Feudal Age
17:19 Castle Age
16:27 Fletching
16:38 Double-Bit Axe
18:25 Horse Collar
18:50 Bodkin Arrow
19:05 Stone Mining
22:55 Bow Saw
23:12 Padded Archer Armor
24:07 Ballistics
33:12 Imperial Age
33:26 Gold Mining
34:08 Bracer
36:46 Chemistry
37:39 Leather Archer Armor
41:44 Town Watch
45:49 Ring Archer Armor
50:13 Wheelbarrow
50:10 Stone Mining
50:12 Elite Genoese Crossbowman
Marbas
5:49 Loom
6:27 Loom
13:39 Feudal Age
18:59 Castle Age
20:34 Wheelbarrow
20:39 Horse Collar
22:43 Town Watch
24:18 Stone Mining
25:26 Gold Mining
28:37 Hand Cart
29:24 Heavy Plow
32:05 Scale Mail Armor
31:51 Man-at-Arms
32:43 Forging
35:08 Imperial Age
32:39 Gambesons
32:32 Long Swordsman
33:51 Chain Mail Armor
33:23 Treadmill Crane
33:55 Squires
33:41 Arson
34:34 Gold Shaft Mining
35:16 Iron Casting
35:10 Two-Handed Swordsman
36:14 Conscription
36:27 Plate Mail Armor
37:00 Blast Furnace
37:03 Chemistry
35:29 Capped Ram
36:44 Champion
42:27 Masonry
44:02 Architecture
45:24 Fletching
SiraZaika
4:54 Loom
13:36 Feudal Age
14:07 Town Watch
17:37 Castle Age
15:52 Double-Bit Axe
16:13 Fletching
18:29 Bodkin Arrow
22:08 Padded Archer Armor
24:55 Bow Saw
26:47 Leather Archer Armor
29:55 Ballistics
30:10 Horse Collar
35:02 Imperial Age
33:43 Wheelbarrow
33:15 Gold Mining
34:53 Hand Cart
35:15 Scale Mail Armor
36:40 Bracer
37:06 Thumb Ring
38:28 Conscription
42:29 Hoardings
45:23 Chemistry
45:17 Chain Mail Armor
45:41 Forging
45:06 Eagle Warrior
47:16 Plate Mail Armor
49:36 Two-Man Saw
50:17 Iron Casting
50:31 Elite Eagle Warrior
52:14 Ring Archer Armor
52:47 Blast Furnace
52:07 Elite Plumed Archer
55:40 Ring Archer Armor
56:28 Holcans
OLADUSHEK
5:12 Loom
13:06 Feudal Age
16:38 Castle Age
14:44 Double-Bit Axe
15:15 Town Watch
15:47 Scale Mail Armor
16:33 Forging
16:56 Champi Runner
17:06 Pikeman
20:14 Squires
21:28 Champi Warrior
29:07 Chain Mail Armor
40:51 Bow Saw
40:21 Horse Collar
42:11 Heavy Plow
55:37 Wheelbarrow
DzeDanik
3:54 Loom
13:44 Feudal Age
14:10 Double-Bit Axe
14:09 Fishing Lines
15:05 Town Watch
16:49 Fletching
18:54 Gold Mining
22:10 Castle Age
23:11 Medium Warships
23:13 Demolition Ship
24:43 Horse Collar
34:27 Bodkin Arrow
37:07 Wheelbarrow
39:29 Ballistics
41:25 Gold Shaft Mining
41:10 Padded Archer Armor
45:53 Imperial Age
44:42 Yeomen
44:17 Treadmill Crane
45:57 Hand Cart
47:53 Chemistry
46:36 Elite Longbowman
47:34 Bracer
48:35 Warwolf
49:55 Leather Archer Armor
51:43 Ring Archer Armor
52:21 Conscription
55:06 Masonry
54:55 Murder Holes
Connection lost

Rejoining the realm…

Still unreachable

The connection could not be restored.

Session expired

The server has moved on; the page needs a fresh start.